Map: Jagannatha LE

Players

ShoWTimE - Winner!

  • Race: Protoss Protoss

uThermal

  • Race: Terran Terran

Event: DreamHack SC2 Masters 2021 Winter

VOD

Have the link to the VOD?

Description

Time

  • Played on: Oct. 8, 2021, 12:42 p.m.
  • Length: 12:10

All games in this series

Show
View Real Time Build Order
Export as new Build Order

ShoWTimE Protoss - Winner!

Build Orders: 1 Gate Expand, Oracle Opening 

Get SALT Encoding   

  12  0:00  Probe  
  13  0:12  Probe  
  14  0:17  Pylon  
  14  0:24  Probe  
  15  0:35  Gateway  
  15  0:36  Probe (Chrono Boost)  
  16  0:46  Assimilator, Probe (Chrono Boost)  
  17  0:51  Probe (Chrono Boost)  
  18  1:03  Probe  
  19  1:15  Probe  
  20  1:23  Nexus  
  20  1:34  Cybernetics Core  
  20  1:36  Probe  
  21  1:41  Assimilator  
  21  1:48  Probe  
  21  1:51  Pylon  
  22  2:00  Probe  
  23  2:07  Adept (Chrono Boost)  
  23  2:12  Probe  
  26  2:20  Stargate  
  26  2:24  Probe  
  26  2:27  Adept (Chrono Boost)  
  27  2:31  Warp Gate  
  27  2:36  Probe (Chrono Boost)  
  31  2:40  Probe (Chrono Boost)  
  31  2:42  Shield Battery  
  31  2:47  Probe (Chrono Boost)  
  33  2:51  Adept, Probe (Chrono Boost)  
  33  2:53  Probe (Chrono Boost)  
  35  3:00  Probe  
  35  3:03  Probe  
  35  3:04  Oracle (Chrono Boost)  
  37  3:12  Pylon  
  40  3:14  Probe  
  40  3:17  Probe  
  40  3:27  Probe  
  40  3:31  Oracle (Chrono Boost)  
  44  3:35  Probe  
  44  3:38  Gateway  
  44  3:39  Adept  
  47  3:45  Probe  
  47  3:48  Probe  
  49  3:49  Pylon  
  49  3:57  Probe  
  49  4:00  Probe  
  49  4:02  Phoenix  
  53  4:09  Probe  
  54  4:12  Probe  
  55  4:21  Nexus, Probe  
  56  4:25  Assimilator  
  56  4:26  Probe  
  56  4:28  Assimilator  
  57  4:32  Pylon  
  57  4:34  Probe  
  57  4:38  Probe  
  59  4:46  Probe  
  59  4:50  Probe  
  59  4:51  Robotics Facility  
  61  4:54  Sentry  
  61  4:55  Pylon  
  61  4:58  Probe  
  64  5:02  Probe  
  65  5:10  Probe  
  66  5:14  Gateway x2, Probe  
  66  5:15  Gateway  
  67  5:21  Zealot, Sentry  
  67  5:22  Probe  
  67  5:24  Pylon  
  67  5:26  Probe  
  73  5:30  Twilight Council  
  73  5:33  Probe  
  73  5:34  Probe  
  75  5:38  Probe  
  75  5:41  Observer (Chrono Boost)  
  77  5:43  Sentry  
  77  5:44  Stalker, Robotics Bay  
  77  5:45  Probe  
  77  5:46  Probe  
  83  5:51  Probe  
  84  5:57  Probe  
  84  5:58  Probe  
  84  6:00  Immortal (Chrono Boost), Charge (Chrono Boost)  
  90  6:04  Pylon  
  90  6:08  Stalker  
  90  6:09  Stalker  
  90  6:10  Probe  
  90  6:11  Probe  
  96  6:12  Probe  
  96  6:16  Shield Battery  
  97  6:25  Phoenix  
  97  6:32  Colossus (Chrono Boost)  
  99  6:35  Zealot x2  
  99  6:39  Pylon x2  
  109  6:44  Shield Battery  
  109  6:46  Pylon  
  109  6:56  Pylon  
  109  6:57  Phoenix  
  109  6:59  Probe  
  109  7:00  Probe x2  
  109  7:01  Zealot x5  
  124  7:04  Pylon  
  124  7:12  Probe x3  
  124  7:15  Assimilator  
  127  7:16  Assimilator  
  127  7:18  Forge  
  127  7:19  Colossus (Chrono Boost)  
  127  7:20  Forge  
  133  7:31  Zealot x3  
  133  7:32  Pylon  
  133  7:36  Zealot x2  
  142  7:46  Probe  
  142  7:47  Probe  
  142  7:49  Phoenix  
  146  7:53  Zealot  
  146  7:54  Zealot x2  
  146  7:59  Zealot x2  
  144  8:10  Colossus (Chrono Boost)  
  144  8:11  Protoss Ground Armor Level 1 (Chrono Boost), Protoss Ground Weapons Level 1 (Chrono Boost)  
  132  8:17  Extended Thermal Lance  
  138  8:20  Zealot x5  
  138  8:23  Pylon  
  148  8:31  Blink  
  148  8:34  Pylon x2  
  148  8:37  Nexus  
  148  8:40  Pylon  
  148  8:47  Zealot x4  
  156  8:48  Probe  
  156  8:49  Probe x2  
  156  8:53  Phoenix  
  161  8:57  Shield Battery  
  155  9:09  Zealot x5  
  131  9:20  Warp Prism (Chrono Boost)  
  133  9:27  Robotics Facility, Probe x3  
  133  9:29  Shield Battery  
  133  9:30  Stalker x2  
  140  9:35  Stalker x2  
  144  9:39  Probe x2  
  146  9:48  Gateway  
  146  9:50  Gateway  
  146  9:52  Gateway  
  146  9:56  Stalker x2  
  146  9:59  Stalker  
  152  10:05  Photon Cannon  
  152  10:13  Stalker x2  
  153  10:22  Disruptor x2 (Chrono Boost)  
  153  10:24  Stalker x3  
  164  10:37  Zealot x2  
  168  10:45  Photon Cannon, Stalker x2  
  168  10:46  Stalker  
  168  10:48  Zealot x3  
  174  11:01  Disruptor x2  
  178  11:07  Nexus  
  178  11:10  Stalker x3  
  160  11:22  Nexus  
  159  11:25  Zealot x3  
  159  11:26  Zealot x2  
  163  11:50  Zealot x4  
  163  11:51  Zealot x4  
Show
View Real Time Build Order
Export as new Build Order

uThermal Terran 

Build Orders:  

Get SALT Encoding   

  12  0:00  SCV  
  13  0:12  SCV  
  14  0:17  Supply Depot  
  14  0:24  SCV  
  15  0:38  SCV  
  15  0:40  Barracks  
  16  0:43  Refinery  
  16  0:50  SCV  
  16  0:53  Refinery  
  17  1:03  SCV  
  18  1:15  SCV  
  19  1:27  Reaper, Orbital Command  
  19  1:31  Supply Depot  
  20  1:45  Factory  
  20  1:52  SCV  
  21  1:59  Reaper  
  22  2:05  SCV  
  23  2:17  SCV  
  24  2:23  Command Center  
  24  2:29  Hellion  
  26  2:31  SCV  
  26  2:35  Barracks Reactor  
  27  2:44  SCV  
  28  2:45  Starport  
  28  2:51  Supply Depot  
  28  2:55  Widow Mine  
  28  2:57  SCV  
  31  3:12  Marine x2  
  31  3:13  SCV  
  31  3:16  Widow Mine  
  36  3:23  Viking  
  36  3:25  SCV  
  37  3:30  Marine x2  
  37  3:35  Orbital Command  
  37  3:37  SCV  
  38  3:47  Bunker, Factory Tech Lab  
  38  3:48  Marine x2  
  38  3:51  SCV  
  41  4:01  SCV  
  40  4:03  SCV  
  40  4:06  Marine x2  
  43  4:13  SCV, Factory Tech Lab  
  43  4:15  Raven  
  44  4:18  SCV, Barracks  
  44  4:24  Marine x2  
  45  4:28  SCV  
  45  4:29  Barracks  
  45  4:30  SCV  
  49  4:37  Supply Depot  
  49  4:38  Siege Tank  
  52  4:40  SCV  
  52  4:42  SCV  
  54  4:50  Supply Depot  
  54  4:59  SCV x2, Marine x2  
  58  5:00  Engineering Bay  
  58  5:10  Siege Tank  
  58  5:11  SCV  
  58  5:12  Refinery  
  58  5:13  Marine  
  58  5:14  Stimpack, SCV  
  63  5:18  Marine, Starport Reactor  
  63  5:20  Supply Depot  
  65  5:23  SCV, Marine x2  
  65  5:26  Terran Infantry Weapons Level 1  
  65  5:27  SCV  
  69  5:34  Supply Depot  
  69  5:35  SCV  
  69  5:42  Marauder, Supply Depot  
  72  5:45  SCV, Marine  
  72  5:46  Marine  
  72  5:47  Marauder  
  72  5:48  Factory Reactor, Combat Shield  
  77  5:51  SCV  
  77  5:56  Supply Depot  
  78  5:57  SCV  
  78  5:59  Supply Depot  
  78  6:03  Medivac, Marine x3  
  84  6:10  Medivac  
  86  6:14  Marauder  
  86  6:18  Supply Depot  
  88  6:23  Marine  
  88  6:24  Marauder, Marine  
  92  6:27  Command Center  
  92  6:29  Widow Mine  
  92  6:30  Widow Mine  
  96  6:35  Marauder, Refinery  
  98  6:41  Supply Depot, Marine x2  
  98  6:44  Medivac  
  102  6:49  Marine  
  102  6:50  Supply Depot, Medivac  
  102  6:53  Widow Mine  
  107  6:56  Marine  
  107  6:57  Widow Mine  
  110  7:03  Missile Turret  
  110  7:04  Missile Turret, Marine  
  110  7:08  Marauder  
  113  7:12  Marine  
  113  7:14  Marauder  
  113  7:15  Widow Mine  
  118  7:16  Medivac  
  118  7:18  Widow Mine  
  118  7:22  Marine  
  123  7:23  Barracks  
  123  7:35  Terran Infantry Armor Level 1  
  123  7:36  Widow Mine, Marine, Barracks  
  125  7:39  Widow Mine  
  126  7:44  SCV x2  
  126  7:45  Marine  
  126  7:46  Marauder  
  126  7:54  Medivac x2  
  126  7:57  Widow Mine  
  113  8:14  Widow Mine, Marine  
  113  8:15  Marauder, Marine  
  113  8:16  Barracks Tech Lab  
  113  8:18  Orbital Command  
  113  8:19  Widow Mine  
  121  8:20  SCV  
  121  8:22  Marine  
  121  8:24  SCV  
  124  8:32  Barracks Tech Lab, Marine x2  
  126  8:34  Concussive Shells  
  126  8:35  SCV  
  126  8:36  SCV  
  126  8:40  Medivac x2  
  132  8:41  Marine x2  
  132  8:45  Widow Mine  
  137  8:49  Missile Turret  
  137  8:51  SCV x2  
  137  8:52  Supply Depot, Marine  
  137  8:54  Marine  
  140  8:55  Marine x2  
  140  8:59  Marine  
  119  9:10  Viking  
  119  9:14  Marauder, Marine  
  119  9:16  Viking  
  119  9:17  Marauder x2, Marine x2  
  115  9:20  SCV x2  
  115  9:24  SCV  
  122  9:25  Armory  
  122  9:30  Widow Mine x2  
  126  9:32  Marine  
  126  9:34  Marine x2  
  126  9:37  Marine  
  126  9:38  Marauder, Marine  
  130  9:41  Viking  
  130  9:45  SCV  
  136  9:46  Viking  
  136  9:51  SCV x2, Ghost Academy  
  136  9:52  Marine x2  
  142  9:53  Marauder, Missile Turret  
  142  9:55  Marine  
  145  10:01  Marauder x2  
  145  10:06  SCV  
  150  10:11  SCV, Viking  
  150  10:13  Marauder, Supply Depot x2  
  155  10:16  Viking  
  157  10:23  Enhanced Shockwaves  
  157  10:26  Refinery, Command Center  
  157  10:34  Marauder, SCV, Marine  
  157  10:35  Refinery, Marine  
  161  10:37  Supply Depot, Ghost  
  161  10:41  Ghost  
  163  10:47  SCV  
  163  10:48  Ghost  
  159  10:55  Ghost  
  136  11:11  Ghost x2  
  136  11:12  Marine x2  
  136  11:18  Marauder  
  136  11:21  Barracks  
  136  11:22  Barracks  
  136  11:24  Marine, Barracks  
  136  11:25  SCV  
  134  11:30  Marine x2  
  131  11:34  SCV  
  131  11:39  Marauder  
  130  11:40  Marine  
  130  11:41  Marauder  
  130  11:42  Marine  
  122  11:48  Marine  
  122  11:49  Marine  
  122  11:50  SCV x2  
  122  11:53  SCV  

Tags
 
Add a new tag
Caveats
  • Supply blocks, unpowered buildings, or Contaminate may cause inaccurate times.
  • Supply counts are checked every 10 seconds.